 Dungeon Crawl Stone Soup version 0.25.1-2-g60ff931df9 (webtiles) character file.

Game seed: 12876469720380167124

807 pokeman the Magician (level 7, -2/39 HPs)
             Began as a Deep Elf Wizard on Oct 13, 2020.
             Was an Initiate of Vehumet.
             Slain by a worker ant (5 damage)
             ... on level 4 of the Dungeon.
             The game lasted 00:11:28 (5917 turns).

pokeman the Magician (Deep Elf Wizard)              Turns: 5917, Time: 00:11:29

Health: -2/39      AC:  4    Str:  4    XL:     7   Next: 60%
Magic:  24/29      EV: 11    Int: 25    God:    Vehumet [......]
Gold:   236        SH:  0    Dex:  9    Spells: 10/21 levels left

rFire    . . .     SeeInvis .   t - +0 spear (chaos)
rCold    . . .     Gourm    .   (no shield)
rNeg     . . .     Faith    .   g - +0 leather armour
rPois    .         Spirit   .   b - +0 hat
rElec    .         Reflect  .   c - +0 cloak
rCorr    .         Harm     .   (no gloves)
MR       .....                  (no boots)
Stlth    ++........             (no amulet)
HPRegen  0.13/turn              f - -4 ring of dexterity (curse)
MPRegen  0.21/turn              i - ring of magical power

@: no status effects
A: no striking features
a: Renounce Religion


You were on level 4 of the Dungeon.
You worshipped Vehumet.
Vehumet was noncommittal.
You were very hungry.

You visited 2 branches of the dungeon, and saw 6 of its levels.

You collected 236 gold pieces.

Inventory:

Hand Weapons
 t - a +0 spear of chaos (weapon)
Missiles
 k - 30 bolts
Armour
 a - a +0 robe
 b - a +0 hat (worn)
 c - a +0 cloak (worn)
 g - a +0 leather armour (worn)
Jewellery
 f - a cursed -4 ring of dexterity (left hand)
 i - a ring of magical power (right hand)
Wands
 j - a wand of paralysis (11)
 n - a wand of enslavement (10)
 v - a wand of flame (18)
Scrolls
 e - 4 scrolls of identify {unknown}
 h - 3 scrolls of teleportation {unknown}
 l - 2 scrolls of remove curse {unknown}
 q - 3 scrolls of fog {unknown}
 s - a scroll of enchant weapon {unknown}
 x - a scroll of enchant armour {unknown}
 y - a scroll of amnesia {unknown}
Potions
 m - a potion of haste {unknown}
 o - a potion of lignification {unknown}
 p - 5 potions of flight {unknown}
 r - a potion of resistance {unknown}
 u - a potion of heal wounds
 w - a potion of stabbing {unknown}
Comestibles
 d - 6 rations


   Skills:
 + Level 1.8 Fighting
 - Level 1.0 Armour
 - Level 3.0 Dodging
 - Level 3.0 Stealth
 * Level 7.9 Spellcasting
 * Level 5.2 Conjurations
 - Level 1.1 Summonings
 - Level 1.1 Translocations
 + Level 2.2 Fire Magic
 - Level 1.0 Air Magic
 - Level 1.0 Poison Magic
 - Level 1.0 Evocations


You had 10 spell levels left.
You knew the following spells:

 Your Spells              Type           Power        Failure   Level  Hunger
a - Magic Dart            Conj           ####         1%          1    None
b - Mephitic Cloud        Conj/Pois/Air  ###.....     12%         3    None
c - Call Imp              Summ           ###.....     10%         2    None
d - Blink                 Tloc           N/A          10%         2    None
e - Conjure Flame         Conj/Fire      ####....     7%          3    None

Your spell library contained the following spells:

 Spells                   Type           Power        Failure   Level  Hunger
 Apportation              Tloc           ###...       7%          1    None
 Summon Small Mammal      Summ           ###.         7%          1    None
 Animate Skeleton         Necr           N/A          11%         1    None
 Corona                   Hex            #......      11%         1    None
 Slow                     Hex            #.......     16%         2    None


Dungeon Overview and Level Annotations

Branches:
Dungeon (5/15)             Temple (1/1) D:4

Altars:
Makhleb
Ru
Vehumet
Xom
The Shining One


Message History

The worker ant bites you.
* * * LOW HITPOINT WARNING * * *
In your confused state, you trip and fall back down the stairs.
* * * LOW HITPOINT WARNING * * *
The worker ant closely misses you. The worker ant completely misses you.
Unknown command.
The worker ant bites you but does no damage.
The worker ant barely misses you.
You climb upwards.
There is a stone staircase leading down here.
Unknown command.
Unknown command.
You closely miss the worker ant.
You feel less confused. The worker ant bites you.
* * * LOW HITPOINT WARNING * * *
The worker ant bites you.
* * * LOW HITPOINT WARNING * * *
The worker ant bites you.
You die...

.....##.....#.......#..#....#+##.
......#.....#.......#..#........#
......#.....#.......#..'........#
.....##.....#.......#..#........#
.....##.....#.....>.#..#........#
.....##.....#.......#'##......###
............#.......#..#..>...#..
............#....a..#..#...รท..'..
#######.....#...@a..####......###
##...##.....#....##########'#....
............#..[.#...#......#....
............'....'...#......#....
##'#######'##....########...#....
............[[######.####...#####
..............'..............#...
..............#..............#...
......<......>#..............#...


You could see 2 worker ants.

Vanquished Creatures
  2 ogres (D:4)
  3 scorpions (D:4)
  A howler monkey (D:4)
  A centaur skeleton (D:5)
  Crazy Yiuf (D:4)
  A hound (D:4)
  4 orc wizards
  Jessica (D:3)
  An iguana (D:4)
  3 gnolls (D:2)
  5 adders
  An adder skeleton (D:4)
  4 worms
  3 dart slugs
  2 leopard geckos
  16 orcs
  2 ball pythons (D:1)
  9 bats
  3 giant cockroaches
  5 goblins
  6 hobgoblins
  12 jackals
  8 kobolds
  2 quokkas
  A ball python skeleton (D:4)
  8 frilled lizards
  11 rats
116 creatures vanquished.

Notes
Turn   | Place    | Note
-------+----------+-------------------------------------------
     0 | D:1      | pokeman the Deep Elf Wizard began the quest for the Orb.
     0 | D:1      | Reached XP level 1. HP: 10/10 MP: 7/7
   391 | D:1      | Reached XP level 2. HP: 16/16 MP: 4/9
   987 | D:1      | Reached skill level 5 in Spellcasting
  1125 | D:1      | Reached XP level 3. HP: 20/20 MP: 8/11
  1248 | D:1      | Learned a level 3 spell: Mephitic Cloud
  1251 | D:1      | Learned a level 2 spell: Call Imp
  1254 | D:1      | Learned a level 2 spell: Blink
  1258 | D:1      | Learned a level 3 spell: Conjure Flame
  1307 | D:2      | Found a burning altar of Makhleb.
  1603 | D:2      | Reached skill level 1 in Fighting
  1603 | D:2      | Reached skill level 1 in Armour
  2291 | D:2      | Reached XP level 4. HP: 24/25 MP: 5/13
  2974 | D:2      | Found a shimmering altar of Xom.
  3192 | D:3      | Found a sacrificial altar of Ru.
  3204 | D:3      | Reached skill level 1 in Fire Magic
  3204 | D:3      | Reached skill level 1 in Air Magic
  3204 | D:3      | Reached XP level 5. HP: 27/29 MP: 15/15
  3328 | D:3      | Noticed Jessica
  3342 | D:3      | Killed Jessica
  3342 | D:3      | Reached skill level 6 in Spellcasting
  3535 | D:3      | Found a glowing golden altar of the Shining One.
  3644 | D:3      | Reached skill level 1 in Poison Magic
  4242 | D:3      | Reached skill level 1 in Evocations
  4329 | D:4      | Noticed an ogre
  4335 | D:4      | Killed an ogre
  4335 | D:4      | Reached XP level 6. HP: 34/34 MP: 17/17
  4421 | D:4      | Reached skill level 7 in Spellcasting
  4601 | D:4      | Found a staircase to the Ecumenical Temple.
  4635 | D:4      | Reached XP level 7. HP: 29/38 MP: 18/19
  4893 | Temple   | Entered the Ecumenical Temple
  4939 | Temple   | Became a worshipper of Vehumet
  5118 | D:4      | Found a runed translucent door.
  5119 | D:4      | Noticed Crazy Yiuf
  5131 | D:4      | Killed Crazy Yiuf
  5183 | D:4      | Reached skill level 5 in Conjurations
  5896 | D:5      | Entered Level 5 of the Dungeon
  5917 | D:4      | Slain by a worker ant

Illustrated notes

Levels and vault maps discovered:
D:1:      co_arrival_random_square_maze, layout_basic
D:2:      layout_rooms, lemuel_crystal_altar, tgw_xom, first_ration,
          minmay_increasing_density
D:3:      layout_loops_corners, tso_metal_star,
          nicolae_ru_great_annihilating_truth, uniq_jessica
D:4:      layout_gridville, minmay_temple_entry_stoned_glass,
          uniq_crazy_yiuf_cottage
D:5:      layout_basic, lemuel_round_altar, cheibrodos_sewer_entry_bend
Temple:   nicolae_temple_figure_eight

Skill      XL: |  1  2  3  4  5  6  7 |
---------------+----------------------+-----
Spellcasting   | 5 6 7 |  7.9
Fighting       | 1 |  1.8
Armour         | 1 |  1.0
Conjurations   | 2 3 4 5 |  5.2
Fire Magic     | 1 2 |  2.2
Air Magic      | 1 |  1.0
Poison Magic   | 1 |  1.0
Evocations     | 1 |  1.0
Dodging        | 3 |  3.0
Stealth        | 3 |  3.0
Summonings     | |  1.1
Translocations | |  1.1

Action                   |  1- 3 |  4- 6 |  7- 9 || total
-------------------------+-------+-------+-------++-------
Melee: Short sword       |     2 |       |       ||     2
       Dagger            |     2 |       |       ||     2
       Spear             |       |    36 |    24 ||    60
 Cast: Magic Dart        |   123 |   133 |    41 ||   297
       Mephitic Cloud    |       |     6 |     5 ||    11
       Conjure Flame     |       |     1 |     2 ||     3
       Blink             |       |       |     2 ||     2
  Use: Potion            |       |     4 |       ||     4
 Stab: Confused          |       |     4 |     4 ||     8
       Paralysed         |       |     1 |       ||     1
  Eat: Chunk             |     4 |     7 |     3 ||    14
Armor: Robe              |     2 |       |       ||     2
       Leather armour    |    14 |    12 |    10 ||    36
Dodge: Dodged            |    22 |    25 |    31 ||    78
